 Dungeon Crawl Stone Soup version 0.22-a0-142-g91cc6d7 (webtiles) character file.

2390 sankara the Covert (level 9, -5/57 HPs)
             Began as a Vampire Enchanter on Feb 5, 2018.
             Was an Initiate of Kikubaaqudgha.
             Splashed by a jelly's acid (8 damage)
             ... on level 7 of the Dungeon.
             The game lasted 00:41:41 (8987 turns).

sankara the Covert (Vampire Enchanter)              Turns: 8987, Time: 00:41:41

Health: -5/57      AC: -10   Str:  7      XL:     9   Next: 22%
Magic:  0/12       EV: 15    Int: 18 (19) God:    Kikubaaqudgha [......]
Gold:   124        SH:  0    Dex: 14 (16) Spells: 1/13 levels left

rFire    . . .     SeeInvis +   a - +2 dagger (speed)
rCold    + + .     Gourm    .   (no shield)
rNeg     + + +     Faith    .   i - +0 robe
rPois    ∞         Spirit   .   g - +2 helmet
rElec    .         Reflect  .   l - +0 cloak {MR+}
rCorr    .         Harm     .   (no gloves)
MR       +....                  (no boots)
Stlth    +++++++...             (no amulet)
HPRegen  0.00/turn              (no ring)
MPRegen  0.13/turn              (no ring)

@: corroded, bloodless, non-regenerating
A: fangs 3, see invisible, unbreathing
a: Bat Form, Renounce Religion


You were on level 7 of the Dungeon.
You worshipped Kikubaaqudgha.
Kikubaaqudgha was noncommittal.
You were bloodless.

You visited 2 branches of the dungeon, and saw 8 of its levels.

You collected 296 gold pieces.
You spent 172 gold pieces at shops.

Inventory:

Hand Weapons
 a - a +2 dagger of speed (weapon)
 b - a +0 hunting sling
 e - a +1 dagger
Missiles
 h - 187 stones
 k - 59 poisoned needles
 v - 10 curare-tipped needles
 w - 6 javelins (quivered)
 x - 22 sling bullets
Armour
 g - a +2 helmet (worn)
 i - a +0 robe (worn)
 l - a +0 cloak of magic resistance (worn)
Magical Staves
 s - an uncursed staff of summoning
Wands
 t - a wand of polymorph (8)
 D - a wand of scattershot (5)
Scrolls
 c - a scroll of silence {unknown}
 f - a scroll of fear {unknown}
 j - 9 scrolls of identify
 m - 5 scrolls of teleportation {unknown}
 n - a scroll of enchant armour {unknown}
 p - 2 scrolls of fog {unknown}
 q - 3 scrolls of amnesia {unknown}
 y - a scroll of enchant weapon {unknown}
 E - a scroll of acquirement {unknown}
 F - a scroll of remove curse {unknown}
 H - 2 scrolls of magic mapping {unknown}
Potions
 d - 13 potions of blood
 G - 2 potions of lignification {unknown}


   Skills:
 - Level 1.1 Short Blades
 + Level 5.2 Dodging
 + Level 13.7 Stealth
 - Level 2.6 Spellcasting
 - Level 10.1 Hexes
 + Level 1.0 Necromancy
 - Level 3.0 Ice Magic


You had one spell level left.
You knew the following spells:

 Your Spells              Type           Power        Failure   Level  Hunger
a - Corona                Hex            #####..      1%          1    #......
b - Ensorcelled Hibernat  Hex/Ice        ####..       1%          2    ##.....
c - Confuse               Hex            #####...     1%          3    ###....
d - Tukima's Dance        Hex            #####...     1%          3    ###....
e - Dazzling Spray        Conj/Hex       ###...       6%          3    ###....


Dungeon Overview and Level Annotations

Branches:
Dungeon (7/15)             Temple (1/1) D:6

Altars:
Dithmenos
Elyvilon
Gozag
Kikubaaqudgha
Makhleb
Okawaru
Qazlal
Ru
Sif Muna
Trog
Uskayaw
Vehumet
Wu Jian
Xom
Yredelemnul
Zin
The Shining One

Shops:
D:6 [

Annotations:
D:3 wintastic's ghost, amateur DDFi


Innate Abilities, Weirdness & Mutations

You do not heal naturally.
You are immune to poison.
You have razor-sharp teeth.
You have supernaturally acute eyesight. (SInv)
You can survive without breathing.


Message History

The acid burns!
* * * LOW HITPOINT WARNING * * *
There is a stone staircase leading up here.
Casting: Ensorcelled Hibernation (safe; 1% risk of failure)
Confirm with . or Enter, or press ? or * to list all spells.
Aiming: Ensorcelled Hibernation (safe; 1% risk of failure)
Press: ? - help, Shift-Dir - straight line, f/p - jelly
Aim: a jelly (almost dead, chance to defeat MR: 63%)
The jelly resists with significant effort.
The jelly hits you.
* * * LOW HITPOINT WARNING * * *
You are splashed with acid!
The acid burns!
* * * LOW HITPOINT WARNING * * *
Okay, then.
It was a potion of berserk rage.
You feel slightly irritated. The jelly hits you.
* * * LOW HITPOINT WARNING * * *
The acid corrodes you!
You are splashed with acid!
The acid burns!
You die...
Kikubaaqudgha rasps: "You have failed me!
Welcome... oblivion!"

#...........###.##
#........#........
#......^.#....###.
###########..####.#
##.......# #..####..#
#.#####...
############.##...)..
#...@.(..#...........
#...J....(.....#####.
#..........#..##..s##
#......<.###..#.a.).#
#........# ##.#.J.$.#
#........# #.#.....#
#........# #.##...'#
#........#####(#'###.
#........[†).....##S#


You could see a jelly.

Vanquished Creatures
  Grinder (D:6)
  Sigmund (D:3)
  A steam dragon (D:7)
  An ice beast (D:6)
  2 phantoms
  3 orc warriors
  2 sky beasts
  A black bear (D:6)
  An ogre (D:6)
  A big kobold (D:7)
  5 killer bees
  A howler monkey (D:6)
  A crimson imp (D:5)
  A bullfrog zombie (D:7)
  A centaur zombie (D:5)
  A centaur skeleton (D:6)
  2 hounds
  5 orc wizards
  An iguana (D:4)
  Jessica (D:3)
  A worker ant (D:7)
  A killer bee zombie (D:6)
  A hound zombie (D:6)
  A hound skeleton (D:5)
  Robin (D:2)
  3 adders
  A howler monkey skeleton (D:5)
  A shadow imp (D:7)
  4 oozes
  An adder zombie (D:6)
  2 worms
  8 leopard geckos
  21 orcs
  A ball python (D:6)
  8 giant cockroaches
  12 hobgoblins
  3 jackals (D:4)
  10 kobolds
  5 quokkas
  13 bats
  3 frilled lizards
  15 goblins
  2 quokka skeletons
  A quokka zombie (D:5)
  9 rats
161 creatures vanquished.

Vanquished Creatures (others)
  A dancing weapon (D:4)
  5 dream sheep (D:4)
6 creatures vanquished.

Grand Total: 167 creatures vanquished

Notes
Turn   | Place    | Note
-------+----------+-------------------------------------------
     0 | D:1      | sankara the Vampire Enchanter began the quest for the Orb.
     0 | D:1      | Reached XP level 1. HP: 13/13 MP: 3/3
   199 | D:1      | Reached XP level 2. HP: 19/19 MP: 5/5
   203 | D:1      | Learned a level 2 spell: Ensorcelled Hibernation
   227 | D:1      | Reached skill level 5 in Stealth
   306 | D:1      | Reached skill level 5 in Hexes
   478 | D:1      | Reached XP level 3. HP: 23/24 MP: 0/6
   542 | D:1      | Learned a level 3 spell: Confuse
   898 | D:2      | Reached skill level 6 in Stealth
   946 | D:2      | Noticed Robin
   955 | D:2      | Killed Robin
   956 | D:2      | Reached XP level 4. HP: 25/30 MP: 2/7
  1377 | D:2      | Found a radiant altar of Vehumet.
  1845 | D:2      | Found a burning altar of Makhleb.
  1845 | D:2      | Noticed an Executioner
  1848 | D:2      | Noticed a neqoxec
  1848 | D:2      | Noticed a hellwing
  1970 | D:2      | Found a sacrificial altar of Ru.
  2096 | D:3      | Reached skill level 7 in Stealth
  2101 | D:3      | Noticed Jessica
  2163 | D:3      | Killed Jessica
  2163 | D:3      | Reached XP level 5. HP: 35/35 MP: 8/8
  2294 | D:3      | Reached skill level 1 in Ice Magic
  2572 | D:3      | Noticed wintastic's ghost (amateur DDFi)
  3359 | D:3      | Noticed Sigmund
  3907 | D:3      | Killed Sigmund
  3907 | D:3      | Reached skill level 8 in Stealth
  3907 | D:3      | Reached XP level 6. HP: 38/41 MP: 3/9
  3922 | D:3      | Learned a level 3 spell: Tukima's Dance
  4077 | D:4      | Noticed an orc warrior
  5069 | D:4      | Noticed a dream sheep
  5069 | D:4      | Noticed a dream sheep
  5069 | D:4      | Noticed a dream sheep
  5069 | D:4      | Noticed a dream sheep
  5069 | D:4      | Noticed a dream sheep
  5069 | D:4      | Found a shimmering altar of Xom.
  5074 | D:4      | Killed a dream sheep
  5074 | D:4      | Killed a dream sheep
  5074 | D:4      | Killed a dream sheep
  5074 | D:4      | Killed a dream sheep
  5074 | D:4      | Killed a dream sheep
  5269 | D:4      | Killed an orc warrior
  5269 | D:4      | Reached skill level 9 in Stealth
  5484 | D:4      | Reached XP level 7. HP: 46/46 MP: 1/10
  6132 | D:5      | Entered Level 5 of the Dungeon
  6358 | D:5      | Found an ornate altar of the Wu Jian Council.
  6516 | D:5      | You fall through a shaft for 2 floors!
  6611 | D:6      | Reached skill level 10 in Stealth
  6792 | D:5      | Found a bloodstained altar of Trog.
  7059 | D:4      | Reached XP level 8. HP: 46/52 MP: 6/11
  7126 | D:5      | Reached skill level 11 in Stealth
  7456 | D:5      | Found an iron altar of Okawaru.
  7801 | D:6      | Reached skill level 12 in Stealth
  7811 | D:6      | Learned a level 3 spell: Dazzling Spray
  8081 | D:6      | Found a staircase to the Ecumenical Temple.
  8090 | Temple   | Entered the Ecumenical Temple
  8216 | Temple   | Became a worshipper of Kikubaaqudgha
  8489 | D:6      | Noticed Grinder
  8496 | D:6      | Killed Grinder
  8496 | D:6      | Reached skill level 13 in Stealth
  8496 | D:6      | Reached skill level 10 in Hexes
  8698 | D:6      | Found a white marble altar of Elyvilon.
  8713 | D:6      | Found Hoeph's Antique Armour Emporium.
  8720 | D:6      | Bought a glowing cloak for 172 gold pieces
  8844 | D:7      | Reached XP level 9. HP: 57/57 MP: 6/12
  8951 | D:7      | Reached skill level 5 in Dodging
  8963 | D:7      | Reached skill level 1 in Necromancy
  8987 | D:7      | Splashed by a jelly's acid

Vault maps used:
D:1:      dpeg_arrival_shrine, minmay_misc_feat_ornament, minmay_small_reverse_x
D:2:      lemuel_round_altar, makhleb_altar_promises_db,
          nicolae_ru_the_path_less_chosen, uniq_robin
D:3:      first_ration, uniq_sigmund, uniq_jessica
D:4:      kb_xom_exploding_sheep
D:5:      lemuel_round_altar, kennysheep_mini_moat, trog_butcher_becter
D:6:      elyvilon_altar_4, minmay_temple_entry_steel_oval, serial_shops, shop,
          uniq_grinder
D:7:      marbit_many_paths, nicolae_overflow_hidden_temple, serial_shops,
          nicolae_shop_crystal, grunt_ogre_cave, hangedman_abyss_or_decor_stabs,
          minmay_joined_circles, uniq_duvessa
Temple:   compressed_dpeg_circular_temple

Skill      XL: |  1  2  3  4  5  6  7  8  9 |
---------------+----------------------------+-----
Stealth        | 5 6 7 8 9 10 13 | 13.7
Hexes          | 5 6 7 8 10 | 10.1
Ice Magic      | 1 2 3 |  3.0
Dodging        | 4 5 |  5.2
Necromancy     | 1 |  1.0
Short Blades   | |  1.1
Spellcasting   | |  2.6

Action                   |  1- 3 |  4- 6 |  7- 9 || total
-------------------------+-------+-------+-------++-------
Melee: Dagger            |    54 |   141 |   168 ||   363
       Bite              |     2 |     7 |    11 ||    20
 Cast: Corona            |     5 |     1 |       ||     6
       Ensorcelled Hiber |    13 |    64 |    45 ||   122
       Confuse           |       |     8 |    12 ||    20
       Tukima's Dance    |       |     2 |       ||     2
 Abil: End Transformatio |       |     2 |     1 ||     3
       Bat Form          |       |     2 |     1 ||     3
  Use: Potion            |     1 |     8 |    13 ||    22
       Scroll            |     1 |       |       ||     1
 Stab: Sleeping          |    26 |    40 |    48 ||   114
       Confused          |       |     3 |    10 ||    13
       Distracted        |       |     1 |       ||     1
Armor: Robe              |    10 |    34 |    14 ||    58
Dodge: Dodged            |    22 |    70 |    96 ||   188

Table legend:
 A = Spawn XP
 B = Non-spawn XP
 C = Spawn XP percentage of total XP
 D = Spawn monster count
 E = Non-spawn monster count
 F = Spawn count percentage of total count
 G = Total turns spent on level
                    A         B        C        D         E        F      G
               +---------+---------+-------+---------+---------+-------+---------
         Total |       0 |    3415 |   0.0 |       0 |     161 |   0.0 |  8987
               +---------+---------+-------+---------+---------+-------+---------
           D:1 |       0 |      47 |   0.0 |       0 |      24 |   0.0 |   827
           D:2 |       0 |      99 |   0.0 |       0 |      36 |   0.0 |  1547
           D:3 |       0 |     328 |   0.0 |       0 |      29 |   0.0 |  2644
           D:4 |       0 |     466 |   0.0 |       0 |      15 |   0.0 |  1335
           D:5 |       0 |     383 |   0.0 |       0 |      18 |   0.0 |  1102
           D:6 |       0 |    1449 |   0.0 |       0 |      28 |   0.0 |  1118
           D:7 |       0 |     643 |   0.0 |       0 |      11 |   0.0 |   272
               +---------+---------+-------+---------+---------+-------+---------
